cohdb
Replays
Latest Replays
All Replays
Popular Replays
Top Player Replays
Match Explorer
How It Works
Community
CoH3 Stats
Reddit
Sign in to upload your games and track your stats! →
Sign in with Steam
Match 39672943
Unlisted
Match 39672943
Overview
Messages
Build Orders
End
Scout Squad
Construct Weapon Support Center
Selects Heavy Weapons
M1919 Machine Gun Team
M1919 Machine Gun Team
Bazooka Squad
Infantry Support Center
Bazooka Squad
Selects Assault Carriers
Engineer Squad
M3 Assault Carrier
Construct Medical Station
M3 Assault Carrier
Selects M2HB .50cal Heavy Machine Gun
Brick
『BlackBear』
0
0
Comments
sign in to comment!
No comments posted yet!